 Dungeon Crawl Stone Soup version 0.28.0-1-gb440e238dd (webtiles) character file.

Game seed: 14080820028145852588

70 Kaptain the Digger (level 4, -5/24 HPs)
             Began as a Gargoyle Earth Elementalist on Feb 26, 2022.
             Slain by Terence (6 damage)
             ... on level 2 of the Dungeon.
             The game lasted 00:04:43 (1868 turns).

Kaptain the Digger (Gargoyle Earth Elementalist)    Turns: 1868, Time: 00:04:44

Health: -5/24      AC:  5    Str: 11    XL:     4   Next: 22%
Magic:  7/7        EV: 12    Int: 18    God:
Gold:   123        SH:  5    Dex: 10    Spells: 4/8 levels left

rFire   . . .      SeeInvis .   k - +0 dagger (venom)
rCold   . . .      Faith    .   (no shield)
rNeg    + . .      Spirit   .   b - +0 robe
rPois   ∞          Reflect  +   (no helmet)
rElec   +          Harm     .   (no cloak)
rCorr   .          Rampage  .   (no gloves)
Will    .....                   (no boots)
Stlth   ++........              i - amulet of reflection
HPRegen 0.08/turn               (no ring)
MPRegen 0.10/turn               (no ring)

@: mighty, attractive
A: sickness immunity, AC +3, negative energy resistance 1, electricity
resistance, torment resistance 1, petrification resistance
a: no special abilities


You were on level 2 of the Dungeon.
You visited 1 branch of the dungeon, and saw 2 of its levels.

You collected 123 gold pieces.

Inventory:

Hand Weapons
 a - a +0 hunting sling
 e - a +0 short sword
 f - a +0 spear
 k - a +0 dagger of venom (weapon)
Missiles
 c - 23 stones
 h - 21 sling bullets
Armour
 b - a +0 robe (worn)
Jewellery
 i - an amulet of reflection (around neck)
Wands
 j - a wand of flame (22)
 m - a wand of acid (2)
Scrolls
 d - 3 scrolls of identify {unknown}
 n - a scroll of enchant armour {unknown}
Potions
 l - a potion of might


   Skills:
 + Level 0.9 Fighting
 + Level 1.0 Armour
 + Level 1.8 Dodging
 + Level 2.6 Stealth
 * Level 2.5 Spellcasting
 * Level 1.5 Conjurations
 - Level 0.7 Transmutations
 * Level 4.2 Earth Magic


You had 4 spell levels left.
You knew the following spells:

 Your Spells              Type           Power      Damage    Failure   Level
a - Sandblast             Erth           34%        2d9       3%          1
b - Stone Arrow           Conj/Erth      24%        3d8       16%         3

Your spell library contained the following spells:

 Spells                   Type           Power      Damage    Failure   Level
 Passwall                 Tmut/Erth      9%         N/A       10%         2
 Shock                    Conj/Air       20%        1d4       12%         1
 Call Canine Familiar     Summ           2%         N/A       45%         3
 Portal Projectile        Hex/Tloc       4%         N/A       45%         3
 Petrify                  Tmut/Erth      11%        N/A       52%         4
 Leda's Liquefaction      Hex/Erth       4%         N/A       58%         4


Dungeon Overview and Level Annotations

Branches:
Dungeon (2/15)

Altars:
Hepliaklqana

Annotations:
D:2 Terence


Innate Abilities, Weirdness & Mutations

You are immune to sickness and miasma.
Your stone body is resilient. (AC +3)
You are immune to poison.
You resist negative energy. (rN+)
You are resistant to electric shocks. (rElec)
You are resistant to unholy torment.
You are immune to petrification.


Message History

Level annotation: Terence
There is a stone staircase leading up here.
Terence is nearby!
Terence shouts!
Terence shouts, "Now you die!"
Terence asks, "Do you want it fast or slow?"
Fire: 23 sling bullets
Press: ? - help, Q - select action, (/) - cycle Shift-Dir - straight line, f - Terence
Aim: Terence, wielding a +1 trident of freezing and wearing a +0 chain mail (62% to hit)
You shoot a sling bullet.
The sling bullet hits Terence but does no damage.
Fire: 22 sling bullets
Press: ? - help, Q - select action, (/) - cycle Shift-Dir - straight line, f/p - Terence
Aim: Terence, wielding a +1 trident of freezing and wearing a +0 chain mail (62% to hit)
You shoot a sling bullet.
The sling bullet hits Terence but does no damage.
You block Terence's attack.
Terence hits you from afar with a +1 trident of freezing.
Terence freezes you.
Your +0 dagger of venom begins to drip with poison!
k - a +0 dagger of venom (weapon)
Terence barely misses you.
You hit Terence but do no damage.
Terence is poisoned.
Terence hits you with a +1 trident of freezing.
Terence freezes you.
Unknown command.
It was a potion of might.
You feel very mighty all of a sudden.
Terence hits you with a +1 trident of freezing.
* * * LOW HITPOINT WARNING * * *
Terence freezes you.
* * * LOW HITPOINT WARNING * * *
Unknown command.
It was a potion of attraction.
You feel attractive to monsters. Terence barely misses you.
You hit Terence but do no damage.
Terence looks as sick as possible!
Terence is moderately wounded.
Terence hits you with a +1 trident of freezing.
You die...

.###...#..#######..##############
.# ###.)..#.## ##..# #.<#≈≈≈≈≈≈
.######...#..# ##.####.##≈:....
...#......#..## #......##≈.....
......###.#...## ##..#####≈.....
#...#..........# ##...## #≈..♣.)
#.####.........###..#..## #≈..♣..
#.# ####<.........###..# #≈. ♣♣♣
>.# #.........@@..###.###≈ ♣..
.## #..#.........(...#...#≈ ♣.@
.####..############(..##### ....
##....# ##..### ..... ##..###≈§≈
≈≈≈# #....###≈..... ....##≈≈≈§
≈≈≈≈##......#≈≈≈≈≈≈ ...##≈≈≈≈
§≈≈≈≈##...#.####### #.##≈≈≈§≈§
§≈≈≈≈≈##........# #.#§§≈§§≈§
≈≈≈≈≈≈≈#...####.###


You could see Terence (extremely poisoned).

Vanquished Creatures
  Jessica (D:2)
  An adder (D:2)
  A worm (D:2)
  A dart slug (D:1)
  3 bats (D:1)
  2 endoplasms (D:1)
  A giant cockroach (D:1)
  4 goblins (D:1)
  6 hobgoblins
  3 kobolds
  A quokka (D:1)
  2 ball pythons (D:1)
  A frilled lizard (D:1)
  3 rats (D:1)
30 creatures vanquished.

Notes
Turn   | Place    | Note
-------+----------+-------------------------------------------
     0 | D:1      | Kaptain the Gargoyle Earth Elementalist began the quest for
                  | the Orb.
     0 | D:1      | Reached XP level 1. HP: 10/10 MP: 3/3
   219 | D:1      | Reached XP level 2. HP: 15/15 MP: 1/5
   294 | D:1      | Found a faded altar of an unknown god.
   302 | D:1      | Got Plato's Catalogue of Combat Magic
   767 | D:1      | Reached skill level 1 in Conjurations
   942 | D:1      | Reached XP level 3. HP: 20/20 MP: 3/6
   946 | D:1      | Learned a level 3 spell: Stone Arrow
  1002 | D:1      | Reached skill level 4 in Earth Magic
  1259 | D:2      | Noticed Jessica
  1264 | D:2      | Killed Jessica
  1265 | D:2      | Reached skill level 1 in Armour
  1265 | D:2      | Reached XP level 4. HP: 24/24 MP: 5/7
  1601 | D:2      | Found a hazy altar of Hepliaklqana.
  1750 | D:2      | Noticed Terence
  1866 | D:2      | HP: 1/24 [Terence (1)]
  1868 | D:2      | Slain by Terence

Illustrated notes

Levels and vault maps discovered:
D:1:      psy_arrival_spokes, layout_basic, shapermc_ecumenical_altar_rom_forum,
          chequers_serial_rivers_small_3, st_stairs_6, minmay_close_crescents
D:2:      kennysheep_big_flooded_room, layout_rooms, basic_altar,
          hangedman_glass_teeth, kennysheep_generic_room_16, uniq_jessica,
          uniq_terence

Skill      XL: |  1  2  3 |
---------------+----------+-----
Conjurations   | 1 |  1.5
Earth Magic    | 4 |  4.2
Armour         | 1 |  1.0
Fighting       | |  0.9
Dodging        | |  1.8
Stealth        | |  2.6
Spellcasting   | |  2.5
Transmutations | |  0.7

Action                   |  1- 3 |  4- 6 || total
-------------------------+-------+-------++-------
Melee: Dagger            |    34 |     2 ||    36
       Unarmed           |     5 |       ||     5
 Fire: Hunting sling     |    14 |     3 ||    17
 Cast: Sandblast         |    27 |     2 ||    29
  Use: Potion            |       |     2 ||     2
Armor: Robe              |    15 |       ||    15
Dodge: Dodged            |    30 |     2 ||    32
Block: Other             |       |     1 ||     1
